ORI
UNIVERSITY OF GEORGIA BULLDOGS @ UNIVERSITY OF MAINE BLACK BEARS
12/18/2044
 
TOP OF THE 1ST
University of Georgia Bulldogs batting - Pitching for University of Maine Black Bears : RHP Matt Moore
Pitching: RHP Matt Moore
Batting: RHB Patrick Pinault 0-0: Ground out 6-3 (Groundball, 56, EV 91.3 MPH)
Batting: LHB Mitsujiro Tanaka 0-0: Called Strike
0-1: Foul Ball, location: 2F
0-2: Ball
1-2: Ground out 4-3 (Groundball, 4M, EV 81.3 MPH)
Batting: RHB Terry Oetker 0-0: Ball
1-0: Ball
2-0: Called Strike
2-1: Ball
3-1: Base on Balls
Batting: LHB Antonio Razo 0-0: Ball
1-0: Called Strike
1-1: Fly out, F6 (Popup, 56, EV 65.0 MPH)
Top of the 1st over - 0 runs, 0 hits, 0 errors, 1 left on base; University of Georgia 0 - University of Maine 0
BOTTOM OF THE 1ST
University of Maine Black Bears batting - Pitching for University of Georgia Bulldogs : RHP Rip Log
Pitching: RHP Rip Log
Batting: RHB Jeff McClellan 0-0: Called Strike
0-1: Fly out, F7 (Flyball, 7, EV 80.0 MPH)
Batting: RHB Juan Bonilla 0-0: Called Strike
0-1: Ball
1-1: Called Strike
1-2: Foul Ball, location: 2F
1-2: Foul Ball, location: 2F
1-2: Ball
2-2: Foul Ball, location: 2F
2-2: Fly out, F6 (Flyball, 56D, EV 92.5 MPH)
Batting: RHB Ruben Domingues 0-0: Ball
1-0: Ball
2-0: Called Strike
2-1: Swinging Strike
2-2: Ball
3-2: Base on Balls
Batting: RHB Alvin Garcia 0-0: Ball
1-0: Foul Ball, location: 2F
1-1: Foul Ball, location: 2F
1-2: Ball
2-2: Foul Ball, location: 2F
2-2: Strikes out swinging
Bottom of the 1st over - 0 runs, 0 hits, 0 errors, 1 left on base; University of Georgia 0 - University of Maine 0
TOP OF THE 2ND
University of Georgia Bulldogs batting - Pitching for University of Maine Black Bears : RHP Matt Moore
Batting: RHB Jeff Floyd 0-0: Ground out 1-3 (Groundball, 13S, EV 65.0 MPH)
Batting: RHB Armando Ramirez 0-0: Foul Ball, location: 2F
0-1: SINGLE (Groundball, 34D, EV 101.9 MPH)
Batting: RHB Ivan Barrientos 0-0: Ball
1-0: Ball
2-0: Called Strike
2-1: Foul Ball, location: 2F
2-2: Ball
3-2: Foul Ball, location: 2F
3-2: SINGLE (Groundball, 5S, EV 69.4 MPH) (infield hit)
Armando Ramirez to second
Batting: RHB Jose Garibay 0-0: Ball
1-0: Ball
2-0: Called Strike
2-1: Foul Ball, location: 2F
2-2: Fly out, F8 (Flyball, 8LXD, EV 86.9 MPH)
Runner from 2nd tags up, SAFE at 3rd, no throw by CF
Batting: RHB Pedro Gonzalez 0-0: Ball
1-0: Called Strike
1-1: Swinging Strike
1-2: Ball
2-2: Strikes out swinging
Top of the 2nd over - 0 runs, 2 hits, 0 errors, 2 left on base; University of Georgia 0 - University of Maine 0
BOTTOM OF THE 2ND
University of Maine Black Bears batting - Pitching for University of Georgia Bulldogs : RHP Rip Log
Batting: RHB Ivan Navar 0-0: Called Strike
0-1: Called Strike
0-2: SINGLE (Groundball, 56D, EV 108.8 MPH)
Batting: LHB Jeremy Nuzzo 0-0: Ball
1-0: Foul Ball, location: 2F
1-1: Ball
2-1: Foul Ball, location: 2F
2-2: SINGLE (Groundball, 4MS, EV 70.6 MPH) (infield hit)
Ivan Navar to second
Batting: RHB Clark Meagher 0-0: Ball
1-0: Swinging Strike
1-1: Ball
2-1: Ball
3-1: Foul Ball, location: 2F
3-2: Fly out, F8 (Flyball, 78D, EV 90.0 MPH)
Runner from 2nd tags up, SAFE at 3rd with throw by CF
Batting: RHB Konrad van Oosterhout 0-0: Called Strike
0-1: Ball
1-1: Ball
2-1: Called Strike
2-2: Strikes out swinging
Batting: RHB Geoff Roberts 0-0: Called Strike
0-1: Foul Ball, location: 2F
0-2: Strikes out swinging
Bottom of the 2nd over - 0 runs, 2 hits, 0 errors, 2 left on base; University of Georgia 0 - University of Maine 0
TOP OF THE 3RD
University of Georgia Bulldogs batting - Pitching for University of Maine Black Bears : RHP Matt Moore
Batting: RHB Patrick Pinault 0-0: Fly out, F8 (Flyball, 8RS, EV 77.5 MPH)
Batting: LHB Mitsujiro Tanaka 0-0: Ground out 4-3 (Groundball, 4, EV 102.5 MPH)
Batting: RHB Terry Oetker 0-0: Ball
1-0: Swinging Strike
1-1: Ground out 6-3 (Groundball, 6, EV 86.3 MPH)
Top of the 3rd over - 0 runs, 0 hits, 0 errors, 0 left on base; University of Georgia 0 - University of Maine 0
BOTTOM OF THE 3RD
University of Maine Black Bears batting - Pitching for University of Georgia Bulldogs : RHP Rip Log
Batting: RHB Jeff McClellan SINGLE, rundown, out at 1st!
Batting: RHB Juan Bonilla 0-0: Hit by Pitch
Batting: RHB Ruben Domingues 0-0: Ball
1-0: Foul Ball, location: 2F
1-1: Foul Ball, location: 2F
1-2: Strikes out swinging
Batting: RHB Alvin Garcia 0-0: Fly out, F3 (Popup, 3SF, EV 65.6 MPH)
Bottom of the 3rd over - 0 runs, 1 hit, 0 errors, 1 left on base; University of Georgia 0 - University of Maine 0
TOP OF THE 4TH
University of Georgia Bulldogs batting - Pitching for University of Maine Black Bears : RHP Matt Moore
Batting: LHB Antonio Razo 0-0: Ball
1-0: Ball
2-0: Called Strike
2-1: Ball
3-1: SINGLE (Flyball, 5D, EV 95.0 MPH)
Batting: RHB Jeff Floyd 0-0: Called Strike
0-1: Ball
1-1: Foul Ball, location: 2F
1-2: Ball
2-2: Foul Ball, location: 2F
2-2: Ball
3-2: Foul Ball, location: 2F
3-2: DOUBLE (Line Drive, 9LD, EV 107.5 MPH)
Antonio Razo to third
Antonio Razo scores
Batting: RHB Armando Ramirez 0-0: Called Strike
0-1: Ball
1-1: Ground out 6-3 (Groundball, 6, EV 81.9 MPH)
Batting: RHB Ivan Barrientos 0-0: Foul Ball, location: 2F
0-1: Foul Ball, location: 2F
0-2: Foul Ball, location: 2F
0-2: Foul Ball, location: 2F
0-2: Fly out, F3 (Flyball, 3D, EV 93.1 MPH)
Batting: RHB Jose Garibay 0-0: Called Strike
0-1: Called Strike
0-2: Strikes out looking
Top of the 4th over - 1 run, 2 hits, 0 errors, 1 left on base; University of Georgia 1 - University of Maine 0
BOTTOM OF THE 4TH
University of Maine Black Bears batting - Pitching for University of Georgia Bulldogs : RHP Rip Log
Batting: RHB Ivan Navar 0-0: Swinging Strike
0-1: Foul Ball, location: 2F
0-2: Ball
1-2: Foul Ball, location: 2F
1-2: Foul Ball, location: 2F
1-2: Foul Ball, location: 2F
1-2: SINGLE (Line Drive, 34D, EV 98.8 MPH)
Batting: LHB Jeremy Nuzzo 0-0: Swinging Strike
0-1: Ball
1-1: Foul Ball, location: 2F
1-2: Strikes out swinging
Batting: RHB Clark Meagher 0-0: Ball
Ivan Navar steals 2nd base
1-0: Ball
2-0: Foul Ball, location: 2F
2-1: Swinging Strike
2-2: SINGLE (Groundball, 6D, EV 104.4 MPH)
Ivan Navar to third
Runner from 3rd tries for Home, throw by CF and OUT! 8-2
Batting: RHB Konrad van Oosterhout 0-0: Foul Ball, location: 2F
0-1: Ball
1-1: Ground out 4-3 (Groundball, 4, EV 84.4 MPH)
Bottom of the 4th over - 0 runs, 2 hits, 0 errors, 1 left on base; University of Georgia 1 - University of Maine 0
TOP OF THE 5TH
University of Georgia Bulldogs batting - Pitching for University of Maine Black Bears : RHP Matt Moore
Batting: RHB Pedro Gonzalez 0-0: Ball
1-0: Ground out 5-3 (Groundball, 15, EV 82.5 MPH)
Batting: RHB Patrick Pinault 0-0: Ground out 5-3 (Groundball, 56S, EV 73.1 MPH)
Batting: LHB Mitsujiro Tanaka 0-0: Ball
1-0: Foul Ball, location: 2F
1-1: Ball
2-1: DOUBLE (Groundball, 3L, EV 105.0 MPH)
Batting: RHB Terry Oetker 0-0: Ball
1-0: Foul Ball, location: 2F
1-1: Ball
Wild Pitch!
Mitsujiro Tanaka to third
2-1: Called Strike
2-2: Foul Ball, location: 2F
2-2: Strikes out looking
Top of the 5th over - 0 runs, 1 hit, 0 errors, 1 left on base; University of Georgia 1 - University of Maine 0
BOTTOM OF THE 5TH
University of Maine Black Bears batting - Pitching for University of Georgia Bulldogs : RHP Rip Log
Batting: RHB Geoff Roberts 0-0: Called Strike
0-1: SINGLE (Groundball, 56D, EV 96.9 MPH)
Batting: RHB Jeff McClellan 0-0: Ball
1-0: Fielders Choice at 2nd, 6-4 (Groundball, 6S, EV 85.0 MPH)
Batting: RHB Juan Bonilla 0-0: Ball
1-0: Foul Ball, location: 2F
1-1: Called Strike
1-2: Strikes out looking
Batting: RHB Ruben Domingues 0-0: Ball
1-0: Foul Ball, location: 2F
1-1: Ball
2-1: Ball
3-1: Called Strike
3-2: Ground out 4-3 (Groundball, 4, EV 107.5 MPH)
Bottom of the 5th over - 0 runs, 1 hit, 0 errors, 1 left on base; University of Georgia 1 - University of Maine 0
TOP OF THE 6TH
University of Georgia Bulldogs batting - Pitching for University of Maine Black Bears : RHP Matt Moore
Batting: LHB Antonio Razo 0-0: Ball
1-0: Called Strike
1-1: Swinging Strike
1-2: Ball
2-2: Foul Ball, location: 2F
2-2: Ball
3-2: Foul Ball, location: 2F
3-2: Strikes out looking
Batting: RHB Jeff Floyd 0-0: Foul Ball, location: 2F
0-1: Ball
1-1: Reached on error, E5 (Groundball, 56S, EV 76.3 MPH)
Batting: RHB Armando Ramirez 0-0: Ball
1-0: SINGLE (Groundball, 34D, EV 95.0 MPH)
Jeff Floyd to second
Runner from 2nd tries for 3rd, OUT! 9-5
Armando Ramirez to second
Batting: RHB Ivan Barrientos 0-0: Swinging Strike
0-1: Ball
1-1: Ball
2-1: Ground out 4-3 (Groundball, 4, EV 83.8 MPH)
Top of the 6th over - 0 runs, 1 hit, 1 error, 1 left on base; University of Georgia 1 - University of Maine 0
BOTTOM OF THE 6TH
University of Maine Black Bears batting - Pitching for University of Georgia Bulldogs : RHP Rip Log
Pitching: RHP Andres Morales
Pinch Hitting: RHB Seung-kab Park 0-0: Ball
1-0: Called Strike
1-1: Ball
2-1: Swinging Strike
2-2: Ball
3-2: SINGLE (Groundball, 34D, EV 95.0 MPH)
Batting: RHB Ivan Navar 0-0: Ball
Wild Pitch!
Seung-kab Park to second
1-0: Ball
2-0: Swinging Strike
2-1: Swinging Strike
2-2: Ball
3-2: Base on Balls
Pinch Runner at 2nd Ignacio Zapata:
Batting: LHB Jeremy Nuzzo 0-0: Ball
1-0: Called Strike
1-1: Foul Ball, location: 2F
1-2: Strikes out swinging
Batting: RHB Clark Meagher 0-0: Swinging Strike
0-1: Called Strike
0-2: Foul Ball, location: 2F
0-2: Ball
1-2: Strikes out looking
Batting: RHB Konrad van Oosterhout 0-0: Ball
1-0: Ball
2-0: Called Strike
2-1: Foul Ball, location: 2F
2-2: Fly out, F9 (Flyball, 9S, EV 86.3 MPH)
Bottom of the 6th over - 0 runs, 1 hit, 0 errors, 2 left on base; University of Georgia 1 - University of Maine 0
TOP OF THE 7TH
University of Georgia Bulldogs batting - Pitching for University of Maine Black Bears : RHP Matt Moore
Pitching: RHP Efren Ybanez
Now at 1B: Jeremy Nuzzo
Now in LF: Ignacio Zapata
Batting: RHB Jose Garibay 0-0: Ball
1-0: Called Strike
1-1: Ball
2-1: Ball
3-1: Base on Balls
Batting: RHB Pedro Gonzalez 0-0: Ball
1-0: Ball
2-0: Ball
3-0: Called Strike
3-1: Base on Balls
Jose Garibay to second
Batting: RHB Patrick Pinault 0-0: Bunt missed!
0-1: Sac Bunt to 13 - play at first, batter OUT! 1-4
Jose Garibay to third
Pedro Gonzalez to second
Batting: LHB Mitsujiro Tanaka 0-0: Intentional Walk
Pinch Hitting: SHB Javy Franco 0-0: Foul Ball, location: 2F
0-1: Ball
1-1: Called Strike
1-2: Foul Ball, location: 2F
1-2: Ball
2-2: Strikes out swinging
Batting: LHB Antonio Razo 0-0: Ball
1-0: Foul Ball, location: 2F
1-1: Ball
2-1: Fielders Choice at 2nd, 6-4 (Groundball, 56, EV 86.3 MPH)
Top of the 7th over - 0 runs, 0 hits, 0 errors, 3 left on base; University of Georgia 1 - University of Maine 0
BOTTOM OF THE 7TH
University of Maine Black Bears batting - Pitching for University of Georgia Bulldogs : RHP Andres Morales
Pitching: RHP Randy Kline
Now at 1B: Jesus Huante
Batting: RHB Geoff Roberts 0-0: Swinging Strike
0-1: Fly out, F3 (Popup, 34, EV 67.5 MPH)
Batting: RHB Jeff McClellan 0-0: Ball
1-0: Foul Ball, location: 2F
1-1: Ball
2-1: Fly out, F7 (Flyball, 7S, EV 97.5 MPH)
Batting: RHB Juan Bonilla 0-0: Called Strike
0-1: Ball
1-1: Ball
2-1: Fly out, F5 (Line Drive, 5, EV 62.5 MPH)
Bottom of the 7th over - 0 runs, 0 hits, 0 errors, 0 left on base; University of Georgia 1 - University of Maine 0
TOP OF THE 8TH
University of Georgia Bulldogs batting - Pitching for University of Maine Black Bears : RHP Efren Ybanez
Batting: RHB Jeff Floyd 0-0: Ball
1-0: Foul Ball, location: 2F
1-1: Ball
2-1: Ball
3-1: Fly out, F8 (Flyball, 89D, EV 83.8 MPH)
Batting: RHB Armando Ramirez 0-0: Ball
1-0: Foul Ball, location: 2F
1-1: Foul Ball, location: 2F
1-2: Foul Ball, location: 2F
1-2: Fly out, F9 (Flyball, 9S, EV 88.1 MPH)
Batting: RHB Ivan Barrientos 0-0: Called Strike
0-1: Foul Ball, location: 2F
0-2: Ball
1-2: Ball
2-2: Foul Ball, location: 2F
2-2: SINGLE (Flyball, 5D, EV 95.0 MPH)
Batting: RHB Jose Garibay 0-0: Ball
Ivan Barrientos is caught stealing 2nd base 2-4
Top of the 8th over - 0 runs, 1 hit, 0 errors, 0 left on base; University of Georgia 1 - University of Maine 0
BOTTOM OF THE 8TH
University of Maine Black Bears batting - Pitching for University of Georgia Bulldogs : RHP Randy Kline
Pitching: RHP David Alferez
Batting: RHB Ruben Domingues 0-0: SINGLE (Groundball, 6MD, EV 100.6 MPH)
Pinch Hitting: RHB Juan Acero 0-0: Fielders Choice at 2nd, 4-6 (Groundball, 4, EV 87.5 MPH)
Batting: RHB Ivan Navar 0-0: Ball
1-0: Called Strike
1-1: Ball
2-1: Ground out 6-3 (Groundball, 56, EV 86.3 MPH)
Juan Acero to second
Batting: LHB Jeremy Nuzzo 0-0: Ball
1-0: Fly out, F6 (Line Drive, 6, EV 75.0 MPH)
Bottom of the 8th over - 0 runs, 1 hit, 0 errors, 1 left on base; University of Georgia 1 - University of Maine 0
TOP OF THE 9TH
University of Georgia Bulldogs batting - Pitching for University of Maine Black Bears : RHP Efren Ybanez
Pitching: RHP Tim Croom
Now in LF: Eddie Dimas
Batting: RHB Jose Garibay 0-0: Called Strike
0-1: Foul Ball, location: 2F
0-2: Foul Ball, location: 2F
0-2: Strikes out swinging
Batting: RHB Pedro Gonzalez 0-0: Foul Ball, location: 2F
0-1: Ball
1-1: Ball
2-1: Foul Ball, location: 2F
2-2: Strikes out swinging
Batting: RHB Patrick Pinault 0-0: Ball
1-0: Ball
2-0: Bunt missed!
2-1: Fly out, F8 (Line Drive, 8RD, EV 89.4 MPH)
Top of the 9th over - 0 runs, 0 hits, 0 errors, 0 left on base; University of Georgia 1 - University of Maine 0
BOTTOM OF THE 9TH
University of Maine Black Bears batting - Pitching for University of Georgia Bulldogs : RHP David Alferez
Pitching: RHP Joe Underhill
Batting: RHB Clark Meagher 0-0: Ground out 4-3 (Groundball, 34, EV 81.9 MPH)
Batting: RHB Konrad van Oosterhout 0-0: Called Strike
0-1: Ball
1-1: Called Strike
1-2: Ball
2-2: Foul Ball, location: 2F
2-2: Ground out 6-3 (Groundball, 6, EV 87.5 MPH)
Batting: RHB Geoff Roberts 0-0: Ball
1-0: Ground out 5-3 (Groundball, 56, EV 88.1 MPH)
Bottom of the 9th over - 0 runs, 0 hits, 0 errors, 0 left on base; University of Georgia 1 - University of Maine 0
Thursday, March 31st , 2022 - OOTP Baseball 22.12 Build 89